 Dungeon Crawl Stone Soup version 0.21.1-1-g345015f (webtiles) character file.

653 prawnwizard the Firebug (level 7, -3/36 HPs)
             Began as a Deep Elf Fire Elementalist on July 2, 2018.
             Slain by a slave (6 damage)
             ... led by Pikel
             ... on level 4 of the Dungeon.
             The game lasted 00:19:39 (4745 turns).

prawnwizard the Firebug (DEFE)                      Turns: 4745, Time: 00:19:40

Health: -3/36      AC:  4    Str:  5    XL:     7   Next: 28%
Magic:  1/17       EV: 14    Int: 22    God:
Gold:   219        SH:  0    Dex: 15    Spells: 2/17 levels left

rFire    . . .     SeeInvis .   (no weapon)
rCold    . . .     Gourm    +   (no shield)
rNeg     . . .     Faith    .   a - +0 robe
rPois    .         Spirit   .   o - +0 helmet
rElec    .         Reflect  .   p - +0 cloak
rCorr    .         Harm     .   (no gloves)
MR       .....                  (no boots)
Stlth    ++........             j - amulet of the gourmand
HPRegen  0.12/turn              (no ring)
MPRegen  0.15/turn              (no ring)

@: about to teleport
A: no striking features
a: no special abilities


You were on level 4 of the Dungeon.
You were very full.

You visited 1 branch of the dungeon, and saw 5 of its levels.

You collected 219 gold pieces.

Inventory:

Armour
 a - a +0 robe (worn)
 i - a scarf of cloud immunity
 o - a +0 helmet (worn)
 p - a +0 cloak (worn)
Jewellery
 j - an amulet of the gourmand (around neck)
Wands
 s - a wand of polymorph (6)
Scrolls
 e - 2 scrolls of remove curse
 k - a scroll of identify {unknown}
 q - a scroll of enchant weapon {unknown}
Potions
 d - a potion of mutation {unknown}
 f - 2 potions of invisibility {unknown}
 g - a potion of might {unknown}
 h - a potion of lignification {unknown}
 m - a potion of cancellation {unknown}
 n - a potion of heal wounds {unknown}
Books
 b - a book of Flames

   Spells                             Type                      Level
   a - Flame Tongue                   Conjuration/Fire             1
   b - Throw Flame                    Conjuration/Fire             2
   c - Conjure Flame                  Conjuration/Fire             3
   d - Inner Flame                    Hexes/Fire                   3
   e - Sticky Flame                   Conjuration/Fire             4
   f - Fireball                       Conjuration/Fire             5
Comestibles
 c - 8 rations


   Skills:
 + Level 4.5 Dodging
 - Level 2.7 Stealth
 + Level 5.5 Spellcasting
 + Level 3.5 Conjurations
 * Level 6.7 Fire Magic


You had 2 spell levels left.
You knew the following spells:

 Your Spells              Type           Power        Failure   Level  Hunger
a - Flame Tongue          Conj/Fire      ####.        1%          1    None
b - Throw Flame           Conj/Fire      ####..       1%          2    None
c - Sticky Flame          Conj/Fire      ####....     12%         4    ####...
d - Conjure Flame         Conj/Fire      ####....     3%          3    ##.....
e - Fireball              Conj/Fire      ####......   32%         5    #####..


Dungeon Overview and Level Annotations

Branches:
Dungeon (5/15)
 Temple: D:4-7

Altars:
Dithmenos
Fedhas
Uskayaw

Annotations:
D:4 Pikel


Message History

Aiming: Flame Tongue
Press: ? - help, Shift-Dir - straight line, f/p - Pikel
Aim: Pikel, wielding a whip of electrocution and wearing a robe (heavily wounded, fast, covered in liquid flames)
The flame tongue misses Pikel.
Pikel burns!
Pikel stops burning.
Pikel hits you with a whip of electrocution.
The slave hits you.
Pikel hits you with a whip of electrocution.
You are electrocuted!
* * * LOW HITPOINT WARNING * * *
The slave closely misses you.
Casting: Flame Tongue
Confirm with . or Enter, or press ? or * to list all spells.
Aiming: Flame Tongue
Press: ? - help, Shift-Dir - straight line, f/p - Pikel
Aim: Pikel, wielding a whip of electrocution and wearing a robe (heavily wounded, fast)
Okay, then.
As you read the scroll labeled OJAPHISTRUFRU, it crumbles to dust.
You feel strangely unstable.
It was a scroll of teleportation.
Pikel misses you. The slave hits you.
You die...

#..## ###...## #.... ##..#
#..## #.... . #..## #..#
##.... ..#..# #..# #.....
#....# #..# ##..... #.....#
#..# #...... #.......###
##..###......
........K..###............
..###...[p@...#.....#####..
## ##...p.......#### ##.
#..#####....## ## #..
###..# # # #..# # ##.# #.#
# #.. ## #..# ##.


You could see Pikel and 2 slaves.

Vanquished Creatures
  2 phantoms (D:4)
  2 slaves (D:4)
  2 hounds
  2 orc priests
  Natasha (thrice) (D:4)
  An orc wizard (D:3)
  A worker ant (D:4)
  Robin (D:4)
  3 gnolls
  10 adders
  3 worms
  A dart slug (D:2)
  4 leopard geckos
  6 orcs
  A ball python (D:3)
  3 giant cockroaches
  17 goblins
  7 hobgoblins
  2 jackals (D:2)
  2 quokkas (D:3)
  7 bats
  4 frilled lizards
  5 kobolds
  2 leopard gecko skeletons (D:4)
  10 rats
101 creatures vanquished.

Notes
Turn   | Place    | Note
-------+----------+-------------------------------------------
     0 | D:1      | prawnwizard the Deep Elf Fire Elementalist began the quest for the Orb.
     0 | D:1      | Reached XP level 1. HP: 10/10 MP: 6/6
   276 | D:1      | Reached XP level 2. HP: 15/15 MP: 6/8
   305 | D:1      | Learned a level 2 spell: Throw Flame
   463 | D:1      | Reached skill level 4 in Fire Magic
   757 | D:2      | Found a shadowy altar of Dithmenos.
   834 | D:2      | Reached XP level 3. HP: 19/19 MP: 4/9
  1047 | D:2      | Found a hide-covered altar of Uskayaw.
  1985 | D:3      | Reached XP level 4. HP: 24/24 MP: 8/11
  2049 | D:3      | Learned a level 4 spell: Sticky Flame
  2126 | D:3      | Reached skill level 5 in Fire Magic
  2225 | D:3      | Reached XP level 5. HP: 20/28 MP: 0/13
  3059 | D:4      | Reached XP level 6. HP: 31/32 MP: 2/15
  3313 | D:4      | Noticed Natasha
  3318 | D:4      | Killed Natasha
  3392 | D:4      | Noticed Natasha
  3394 | D:4      | Killed Natasha
  3413 | D:4      | Reached skill level 6 in Fire Magic
  3609 | D:4      | Found a blossoming altar of Fedhas.
  3621 | D:4      | Reached skill level 5 in Spellcasting
  3631 | D:4      | Noticed Natasha
  3640 | D:4      | Killed Natasha
  3640 | D:4      | Reached XP level 7. HP: 33/36 MP: 0/16
  3730 | D:4      | Learned a level 3 spell: Conjure Flame
  3736 | D:4      | Learned a level 5 spell: Fireball
  3836 | D:4      | Noticed Robin
  3839 | D:4      | Killed Robin
  4095 | D:5      | Entered Level 5 of the Dungeon
  4735 | D:4      | Noticed Pikel
  4745 | D:4      | Slain by a slave

Skill      XL: |  1  2  3  4  5  6 |
---------------+-------------------+-----
Fire Magic     | 4 5 6 |  6.7
Dodging        | 3 4 |  4.5
Spellcasting   | 4 5 |  5.5
Conjurations   | 2 3 |  3.5
Stealth        | |  2.7

Action                   |  1- 3 |  4- 6 |  7- 9 || total
-------------------------+-------+-------+-------++-------
Melee: Unarmed           |       |     1 |     6 ||     7
 Cast: Flame Tongue      |    59 |    65 |    36 ||   160
       Throw Flame       |    13 |    14 |    13 ||    40
       Sticky Flame      |       |    13 |     5 ||    18
       Fireball          |       |       |     3 ||     3
  Use: Scroll            |     3 |     1 |     1 ||     5
       Potion            |       |       |     1 ||     1
  Eat: Ration            |     1 |       |       ||     1
       Chunk             |       |    15 |     4 ||    19
Armor: Robe              |     2 |     7 |     5 ||    14
Dodge: Dodged            |    13 |    22 |    27 ||    62
